[Event "Queens Festival Europe 2022"]
[Site "Tornelo"]
[Date "2022.06.19"]
[Round "5.7"]
[White "Cassi, Elisa"]
[Black "Grimaldi, Angela Flavia"]
[Result "0-1"]
[ECO "B36"]
[WhiteElo "1999"]
[BlackElo "1995"]
[Annotator "NA RC"]
[PlyCount "96"]
[EventDate "2022.06.19"]
[EventType "swiss"]
[EventCountry "NET"]
[SourceTitle "playchess.com"]
[Source "ChessBase"]
[SourceQuality "1"]
[TimeControl "180+2"]

1. e4 c5 2. Nf3 g6 3. d4 cxd4 4. Nxd4 Nc6 5. c4 Nf6 6. Nc3 Nxd4 7. Qxd4 d6 8. f3 Bg7 9. Be3 O-O 10. Qd2 Be6 11. Be2 Qa5 12. Nb5 Qxd2+ 13. Kxd2 a6 14. Nc7 Rac8 15. Nxe6 fxe6 16. Rac1 Nd7 17. b4 a5 18. a3 axb4 19. axb4 Ra8 20. c5 Ra2+ 21. Rc2 Rxc2+ 22. Kxc2 Ra8 23. Kb3 d5 24. Rd1 Ra1 25. Rxa1 Bxa1 26. Bb5 Nf6 27. c6 bxc6 28. Bxc6 Kf7 29. b5 d4 30. Bd2 Ne8 31. e5 Nc7 32. b6 Na6 33. b7 Nb8 34. Ba5 Nxc6 35. Bc7 Bc3 36. b8=Q Nxb8 37. Bxb8 g5 38. Kc4 Kg6 39. Ba7 Kf5 40. Bxd4 Be1 41. Kd3 h5 42. Ke3 Ba5 43. g3 Bc7 44. f4 g4 45. Bc5 Bd8 46. Kf2 Ba5 47. Kg2 Bd8 48. h3 Ba5 0-1

[Event "Queens Festival Europe 2022"]
[Site "Tornelo"]
[Date "2022.06.19"]
[Round "5.7"]
[White "Frundina, Yelyzaveta"]
[Black "Vukosavljevic, Tatjana"]
[Result "0-1"]
[ECO "C43"]
[WhiteElo "1624"]
[BlackElo "1758"]
[Annotator "NA RC"]
[PlyCount "104"]
[EventDate "2022.06.19"]
[EventType "swiss"]
[EventCountry "NET"]
[SourceTitle "playchess.com"]
[Source "ChessBase"]
[SourceQuality "1"]
[TimeControl "180+2"]

1. e4 e5 2. Nf3 Nf6 3. d4 exd4 4. Nxd4 Nxe4 5. Nc3 Nxc3 6. bxc3 Be7 7. Bd3 d5 8. O-O Nd7 9. Re1 O-O 10. Nf5 Bf6 11. Bd2 Ne5 12. Ng3 Nxd3 13. cxd3 c5 14. Rb1 b6 15. Qf3 Be6 16. Nh5 Bg5 17. Bxg5 Qxg5 18. Ng3 Rad8 19. a4 Bg4 20. Qe3 Qxe3 21. Rxe3 Rfe8 22. Rxe8+ Rxe8 23. Kf1 f6 24. Re1 Rxe1+ 25. Kxe1 Bd7 26. Kd2 Bxa4 27. Ke3 Kf7 28. Nf5 g6 29. Nd6+ Ke6 30. Nc8 Kd7 31. Nxa7 Kc7 32. c4 dxc4 33. dxc4 Kb7 34. Nb5 Bxb5 35. cxb5 Kc7 36. Ke4 Kd6 37. Kd3 Kd5 38. f3 f5 39. g3 h5 40. h4 Ke5 41. f4+ Kd5 42. Kc3 Ke4 43. Kc4 Kf3 44. Kd5 Kxg3 45. Kc6 c4 46. Kxb6 c3 47. Ka6 c2 48. b6 c1=Q 49. b7 Qb2 50. Ka7 Kxf4 51. b8=Q+ Qxb8+ 52. Kxb8 Kg4 0-1

[Event "Queens Festival Europe 2022"]
[Site "Tornelo"]
[Date "2022.06.19"]
[Round "5.8"]
[White "Machlik, Edit"]
[Black "Steffensen, Elena"]
[Result "1-0"]
[ECO "A42"]
[WhiteElo "2084"]
[BlackElo "2044"]
[Annotator "NA RC"]
[PlyCount "79"]
[EventDate "2022.06.19"]
[EventType "swiss"]
[EventCountry "NET"]
[SourceTitle "playchess.com"]
[Source "ChessBase"]
[SourceQuality "1"]
[TimeControl "180+2"]

1. d4 g6 2. c4 Bg7 3. Nc3 c6 4. e4 d6 5. f4 e5 6. fxe5 dxe5 7. d5 cxd5 8. cxd5 Ne7 9. Nf3 O-O 10. Bc4 a6 11. O-O b5 12. Bb3 Bg4 13. Bg5 b4 14. Na4 Qc7 15. Kh1 Nc8 16. Qd2 Nd6 17. Rac1 Qa7 18. Qd3 Nd7 19. Be7 Nc5 20. Rxc5 Qxe7 21. Rfc1 Ra7 22. Rc6 Nb5 23. d6 Qd7 24. Ng5 h6 25. Nb6 Qd8 26. Nxf7 Raxf7 27. Bxf7+ Kh7 28. Bb3 Nd4 29. Rc7 Qg5 30. Nd5 Nb5 31. Rb7 Qxc1+ 32. Bd1 Bxd1 33. h3 Be2+ 34. Kh2 Bxd3 35. d7 Qf4+ 36. Nxf4 exf4 37. Rb6 f3 38. gxf3 Be5+ 39. Kg2 Nd4 40. Rb7 1-0

[Event "Queens Festival Europe 2022"]
[Site "Tornelo"]
[Date "2022.06.19"]
[Round "5.8"]
[White "Arora, Tashika"]
[Black "Mdivani, Maka"]
[Result "0-1"]
[ECO "E60"]
[WhiteElo "1822"]
[BlackElo "1901"]
[Annotator "NA RC"]
[PlyCount "80"]
[EventDate "2022.06.19"]
[EventType "swiss"]
[EventCountry "NET"]
[SourceTitle "playchess.com"]
[Source "ChessBase"]
[SourceQuality "1"]
[TimeControl "180+2"]

1. d4 Nf6 2. c4 d6 3. g3 g6 4. Bg2 Bg7 5. Nf3 c6 6. O-O Nbd7 7. Nc3 Qc7 8. e4 e5 9. d5 O-O 10. Bd2 a5 11. Rc1 Nc5 12. Re1 Nd3 13. Be3 Nxe1 14. Qxe1 Bd7 15. Qd2 Ng4 16. h3 Nxe3 17. Qxe3 f5 18. Na4 cxd5 19. cxd5 Qd8 20. Nb6 Ra6 21. Nxd7 Qxd7 22. Bf1 Raa8 23. Nd2 Rac8 24. Nc4 fxe4 25. Rd1 Qe7 26. Qxe4 Rc5 27. a3 Qf6 28. Qe3 a4 29. Bg2 Rxc4 30. f3 Rc2 31. Qd3 Rxb2 32. Qe4 Rc8 33. Qxa4 Rcc2 34. Qe8+ Qf8 35. Qe6+ Kh8 36. Bh1 Bh6 37. Re1 Re2 38. Rxe2 Rxe2 39. Kf1 Rc2 40. Bg2 Be3 0-1

[Event "Queens Festival Europe 2022"]
[Site "Tornelo"]
[Date "2022.06.19"]
[Round "5.8"]
[White "Jafarova, Aysel"]
[Black "Hariharan, Shambavi"]
[Result "0-1"]
[ECO "D45"]
[WhiteElo "1481"]
[BlackElo "1517"]
[Annotator "NA RC"]
[PlyCount "52"]
[EventDate "2022.06.19"]
[EventType "swiss"]
[EventCountry "NET"]
[SourceTitle "playchess.com"]
[Source "ChessBase"]
[SourceQuality "1"]
[TimeControl "180+2"]

1. d4 d5 2. c4 c6 3. Nf3 Nf6 4. e3 e6 5. Nc3 Nbd7 6. Qc2 Be7 7. Be2 dxc4 8. Bxc4 b5 9. Bd3 Bb7 10. O-O O-O 11. e4 h6 12. h3 a6 13. Be3 c5 14. dxc5 Bxc5 15. Bxc5 Nxc5 16. Rfd1 Nxd3 17. Rxd3 Qc7 18. Rd2 Rfd8 19. Rad1 Rxd2 20. Rxd2 Rc8 21. Nd4 e5 22. Nf5 b4 23. Qd3 bxc3 24. bxc3 Bxe4 25. Qg3 Bxf5 26. Qe3 Bg6 0-1

[Event "Queens Festival Europe 2022"]
[Site "Tornelo"]
[Date "2022.06.19"]
[Round "5.9"]
[White "Stewart-Bermann, Tanya"]
[Black "Rahimli, Izzat"]
[Result "1/2-1/2"]
[ECO "B40"]
[WhiteElo "1863"]
[BlackElo "1817"]
[Annotator "NA RC"]
[PlyCount "85"]
[EventDate "2022.06.19"]
[EventType "swiss"]
[EventCountry "NET"]
[SourceTitle "playchess.com"]
[Source "ChessBase"]
[SourceQuality "1"]
[TimeControl "180+2"]

1. e4 e6 2. d3 d5 3. Nd2 c5 4. Ngf3 Nc6 5. g3 dxe4 6. dxe4 Nf6 7. Bb5 Bd7 8. O-O Be7 9. c3 O-O 10. Re1 a6 11. Bf1 e5 12. Qc2 b5 13. Bg2 Qc7 14. Nf1 h6 15. Ne3 Be6 16. b3 Rfd8 17. Bb2 Rd7 18. Rad1 Rad8 19. c4 Nd4 20. Nxd4 cxd4 21. Nf5 bxc4 22. Nxe7+ Rxe7 23. bxc4 Qxc4 24. Qd2 Qxa2 25. Ra1 Qc4 26. Rec1 Qb5 27. Ba3 Rb7 28. Bf1 d3 29. Bg2 Qd7 30. Bb2 Rdb8 31. Bxe5 Ra8 32. Bxf6 gxf6 33. Qxh6 Rab8 34. Qxf6 d2 35. Rd1 Rb2 36. Bf3 R8b7 37. Qg5+ Kf8 38. Qh6+ Ke7 39. Qg5+ Ke8 40. Qg8+ Ke7 41. Qg5+ Ke8 42. Qg8+ Ke7 43. Qg5+ 1/2-1/2

[Event "Queens Festival Europe 2022"]
[Site "Tornelo"]
[Date "2022.06.19"]
[Round "5.10"]
[White "Malaieru, Alexandra-Gabriela"]
[Black "Andries, Leia"]
[Result "0-1"]
[ECO "D05"]
[WhiteElo "1129"]
[BlackElo "1438"]
[Annotator "NA RC"]
[PlyCount "74"]
[EventDate "2022.06.19"]
[EventType "swiss"]
[EventCountry "NET"]
[SourceTitle "playchess.com"]
[Source "ChessBase"]
[SourceQuality "1"]
[TimeControl "180+2"]

1. d4 Nf6 2. Nf3 e6 3. e3 c5 4. c3 d5 5. Bd3 Nc6 6. Nbd2 Bd6 7. O-O O-O 8. e4 b6 9. e5 c4 10. Bc2 Be7 11. exf6 Bxf6 12. Re1 Re8 13. Nf1 e5 14. Nxe5 Nxe5 15. dxe5 Bxe5 16. Bxh7+ Kf8 17. Qh5 Bxh2+ 18. Qxh2 Rxe1 19. Bc2 Qf6 20. Qh8+ Ke7 21. Qh2 Bb7 22. Qg3 Re5 23. b3 Rh8 24. Ba3+ Ke6 25. Qg4+ Rf5 26. Bxf5+ Qxf5 27. Re1+ Kf6 28. Qg3 d4 29. Qd6+ Kg5 30. Qg3+ Kf6 31. Qd6+ Kg5 32. Qg3+ Kh6 33. Qh4+ Qh5 34. Qxh5+ Kxh5 35. Re5+ Kg6 36. Ng3 dxc3 37. Re3 c2 0-1

[Event "Queens Festival Europe 2022"]
[Site "Tornelo"]
[Date "2022.06.19"]
[Round "5.12"]
[White "Tani, Selina"]
[Black "Jithendra, Raina"]
[Result "1-0"]
[ECO "C22"]
[WhiteElo "1146"]
[BlackElo "1306"]
[Annotator "NA RC"]
[PlyCount "63"]
[EventDate "2022.06.19"]
[EventType "swiss"]
[EventCountry "NET"]
[SourceTitle "playchess.com"]
[Source "ChessBase"]
[SourceQuality "1"]
[TimeControl "180+2"]

1. e4 e5 2. d4 exd4 3. Qxd4 Nc6 4. Qe3 Nf6 5. Nc3 d6 6. Bd2 Be6 7. O-O-O Be7 8. h3 O-O 9. f4 d5 10. exd5 Nxd5 11. Nxd5 Qxd5 12. c4 Qf5 13. Bd3 Qf6 14. Bc3 Qh6 15. Nf3 Bd6 16. Ne5 Nxe5 17. Bxe5 Bxe5 18. Qxe5 c6 19. Rhf1 Qh4 20. b3 Qg3 21. Qe4 g6 22. Qf3 Qxf3 23. Rxf3 Rad8 24. Kc2 Rd7 25. g4 Rfd8 26. Be2 Rxd1 27. Bxd1 f5 28. gxf5 Bxf5+ 29. Kc1 Rd4 30. Bc2 Bxc2 31. Kxc2 Re4 32. Kd3 1-0

[Event "Queens Festival Europe 2022"]
[Site "Tornelo"]
[Date "2022.06.19"]
[Round "5.18"]
[White "Ismayilova, Salbinaz"]
[Black "Morling, Aase"]
[Result "1-0"]
[ECO "C78"]
[WhiteElo "1090"]
[BlackElo "1416"]
[Annotator "NA RC"]
[PlyCount "79"]
[EventDate "2022.06.19"]
[EventType "swiss"]
[EventCountry "NET"]
[SourceTitle "playchess.com"]
[Source "ChessBase"]
[SourceQuality "1"]
[TimeControl "180+2"]

1. e4 e5 2. Nf3 Nc6 3. Bb5 a6 4. Ba4 Nf6 5. d3 b5 6. Bb3 Bc5 7. c3 d6 8. O-O O-O 9. Re1 Bg4 10. Nbd2 Na5 11. Bc2 d5 12. exd5 Nxd5 13. Rxe5 Bd6 14. Re1 Bxf3 15. Qxf3 Nf6 16. Nf1 Re8 17. Rxe8+ Qxe8 18. Bg5 Qe7 19. Qxa8+ Qe8 20. Qxe8+ Nxe8 21. Re1 Kf8 22. Ng3 f6 23. Be3 Bxg3 24. fxg3 Nc6 25. Bb3 Ne5 26. Bc5+ Nd6 27. Bxd6+ cxd6 28. d4 Nd3 29. Re2 g6 30. Bc2 Nc1 31. Re1 Nxa2 32. Ra1 b4 33. Rxa2 bxc3 34. bxc3 Ke7 35. Rxa6 f5 36. Ra7+ Ke6 37. Rxh7 d5 38. h4 Kf6 39. h5 gxh5 40. Rxh5 1-0

[Event "Queens Festival Europe 2022"]
[Site "Tornelo"]
[Date "2022.06.19"]
[Round "6.1"]
[White "Ibrahimova, Sabina"]
[Black "Gueci, Tea"]
[Result "1-0"]
[ECO "B33"]
[WhiteElo "2146"]
[BlackElo "2248"]
[Annotator "NA RC"]
[PlyCount "119"]
[EventDate "2022.06.19"]
[EventType "swiss"]
[EventCountry "NET"]
[SourceTitle "playchess.com"]
[Source "ChessBase"]
[SourceQuality "1"]
[TimeControl "180+2"]

1. e4 c5 2. Nf3 Nc6 3. d4 cxd4 4. Nxd4 Nf6 5. Nc3 e5 6. Ndb5 d6 7. Bg5 a6 8. Na3 b5 9. Nd5 Be7 10. Bxf6 Bxf6 11. c4 b4 12. Nc2 O-O 13. g3 Rb8 14. b3 a5 15. Bg2 g6 16. O-O Bg7 17. Qd3 Be6 18. Nce3 Nd4 19. Rad1 f5 20. f4 Kh8 21. g4 Qd7 22. exf5 gxf5 23. g5 e4 24. Qd2 Nc6 25. Qf2 Bg8 26. Kh1 Qe6 27. Qh4 Qg6 28. Bh3 Be6 29. Rg1 Rb7 30. Rd2 Nd4 31. Bg2 a4 32. Nf6 Nf3 33. Bxf3 exf3 34. Nh5 axb3 35. axb3 Ra7 36. Nxg7 Rxg7 37. Rxd6 Re8 38. Qf2 Qf7 39. Rgd1 Bc8 40. Qxf3 Bb7 41. Nd5 Qe7 42. Rh6 Qe4 43. Qxe4 fxe4 44. Nf6 e3+ 45. Kg1 Rf8 46. Re1 Ra8 47. Rxe3 Ra1+ 48. Kf2 Ra2+ 49. Re2 Rxe2+ 50. Kxe2 Re7+ 51. Kd3 Bf3 52. c5 Bd1 53. Kc4 Rb7 54. c6 Rc7 55. Kc5 Bc2 56. Kd6 Rc8 57. c7 Rf8 58. Ke7 Bf5 59. Kxf8 Bc8 60. Rxh7# 1-0

[Event "Queens Festival Europe 2022"]
[Site "Tornelo"]
[Date "2022.06.19"]
[Round "6.1"]
[White "Mammadova, Aysel"]
[Black "Vujcic, Milena"]
[Result "1/2-1/2"]
[ECO "C50"]
[WhiteElo "1893"]
[BlackElo "1987"]
[Annotator "NA RC"]
[PlyCount "155"]
[EventDate "2022.06.19"]
[EventType "swiss"]
[EventCountry "NET"]
[SourceTitle "playchess.com"]
[Source "ChessBase"]
[SourceQuality "1"]
[TimeControl "180+2"]

1. e4 e5 2. Nf3 Nc6 3. Bc4 Bc5 4. O-O Nf6 5. d4 Bxd4 6. Nxd4 Nxd4 7. f4 d6 8. fxe5 dxe5 9. Bg5 Qd6 10. c3 Ne6 11. Qxd6 cxd6 12. Bxf6 gxf6 13. Rxf6 Ke7 14. Rf2 Rg8 15. Nd2 Bd7 16. Raf1 Raf8 17. Kh1 Bc6 18. Bxe6 Kxe6 19. Rf6+ Ke7 20. Rh6 Rg7 21. Rff6 Rd8 22. Rf2 d5 23. exd5 Rxd5 24. Kg1 Rd6 25. Rxd6 Kxd6 26. Nc4+ Kd5 27. Ne3+ Ke6 28. g3 Rg8 29. Rd2 f6 30. Kf2 Rg7 31. h3 Rd7 32. Rxd7 Bxd7 33. g4 Bc6 34. c4 a6 35. Nf5 Be4 36. Ne3 b6 37. Ke2 Bb1 38. a3 Be4 39. h4 Kd6 40. b4 a5 41. Nd1 axb4 42. axb4 Bc2 43. Nb2 Be4 44. Ke3 Bb7 45. Nd3 Bc8 46. Nf2 Be6 47. Kd3 Kc6 48. Ne4 Bxg4 49. Nxf6 Bf5+ 50. Ke3 Kd6 51. Nh5 Be6 52. Kd3 Bf7 53. Ng3 Ke6 54. h5 Kf6 55. c5 bxc5 56. bxc5 Ke6 57. Ke4 Be8 58. h6 Bc6+ 59. Ke3 Kd5 60. Nh5 Kxc5 61. Nf6 Ba4 62. Nxh7 Bc2 63. Nf6 Bg6 64. Nh5 Kd6 65. Ng7 Ke7 66. Nh5 Kf7 67. Ng3 Bh7 68. Ne2 Kg6 69. Ke4 Kxh6+ 70. Kxe5 Kg5 71. Nf4 Kg4 72. Ne6 Kg3 73. Ng7 Kf2 74. Nf5 Ke2 75. Nd6 Kd2 76. Ne8 Kc3 77. Nf6 Kb4 78. Nxh7 1/2-1/2

[Event "Queens Festival Europe 2022"]
[Site "Tornelo"]
[Date "2022.06.19"]
[Round "6.1"]
[White "Lampard, Alice"]
[Black "Vicze, Zsofia"]
[Result "1-0"]
[ECO "D36"]
[WhiteElo "1756"]
[BlackElo "1749"]
[Annotator "NA RC"]
[PlyCount "85"]
[EventDate "2022.06.19"]
[EventType "swiss"]
[EventCountry "NET"]
[SourceTitle "playchess.com"]
[Source "ChessBase"]
[SourceQuality "1"]
[TimeControl "180+2"]

1. d4 d5 2. c4 e6 3. Nc3 Nf6 4. cxd5 exd5 5. Qc2 c6 6. Bg5 Bd6 7. e3 Nbd7 8. Nf3 O-O 9. Bd3 h6 10. Bh4 Re8 11. O-O Nf8 12. Rab1 Bg4 13. Be2 Ng6 14. Bg3 Bxg3 15. hxg3 Qd6 16. b4 a6 17. a4 Rac8 18. Qd3 Ne4 19. Rfc1 Ne7 20. Ne5 Bxe2 21. Qxe2 Nxc3 22. Rxc3 Ng6 23. Nd3 Qf6 24. Qf3 Qd6 25. Nc5 Re7 26. b5 axb5 27. axb5 Nf8 28. Nd3 Ne6 29. Ne5 Ng5 30. Qg4 Ne4 31. Qxc8+ Kh7 32. Rc2 f6 33. Qf5+ Kg8 34. Ng6 Rc7 35. f3 Ng5 36. f4 Ne4 37. Qg4 Kf7 38. Nh4 Kg8 39. bxc6 bxc6 40. Rb8+ Kf7 41. Qg6+ Ke7 42. Re8+ Kd7 43. Qf7+ 1-0

[Event "Queens Festival Europe 2022"]
[Site "Tornelo"]
[Date "2022.06.19"]
[Round "6.1"]
[White "Catabay, Mae Katelyn Rose"]
[Black "Aydogan, Arya"]
[Result "1/2-1/2"]
[ECO "D31"]
[WhiteElo "1321"]
[BlackElo "1409"]
[Annotator "NA RC"]
[PlyCount "138"]
[EventDate "2022.06.19"]
[EventType "swiss"]
[EventCountry "NET"]
[SourceTitle "playchess.com"]
[Source "ChessBase"]
[SourceQuality "1"]
[TimeControl "180+2"]

1. d4 d5 2. c4 e6 3. Nc3 a6 4. g3 Nf6 5. Bg2 Be7 6. Nf3 O-O 7. O-O b6 8. Bd2 Bb7 9. cxd5 exd5 10. Rc1 Nbd7 11. Re1 Re8 12. a3 Bf8 13. e3 c5 14. Ne2 c4 15. Nf4 Ne4 16. Bc3 b5 17. Nd2 Nxd2 18. Qxd2 Nf6 19. h3 a5 20. g4 h6 21. f3 Qb6 22. Qc2 b4 23. axb4 axb4 24. Bd2 Bd6 25. h4 Bxf4 26. exf4 Qxd4+ 27. Kh2 Qb6 28. Qf5 g6 29. Qc2 Nd7 30. f5 Kg7 31. Ra1 Nc5 32. Rxa8 Rxa8 33. Re7 Qd6+ 34. f4 Qxe7 35. Bxb4 Qc7 36. Qc3+ Kg8 37. Qe3 Ne4 38. fxg6 fxg6 39. Bxe4 dxe4 40. Bc3 Rf8 41. Be5 Qf7 42. Qd2 Bc8 43. g5 h5 44. Qd4 Bf5 45. Qc5 Re8 46. Qe3 Qe7 47. Qd4 Qf7 48. Qd6 Re6 49. Qd8+ Re8 50. Qd6 Qe6 51. Qd4 Rc8 52. Qa7 Qd7 53. Qb6 Rc6 54. Qb8+ Rc8 55. Qb6 Qc6 56. Qb4 Qd5 57. Qe7 Qd2+ 58. Kg3 Qd3+ 59. Kg2 Qd7 60. Qf6 Qd2+ 61. Kg3 Qe3+ 62. Kg2 Bh3+ 63. Kh2 Qf2+ 64. Kxh3 Qf3+ 65. Kh2 Qf2+ 66. Kh1 Qf1+ 67. Kh2 Qf2+ 68. Kh3 Qf3+ 69. Kh2 Qf2+ 1/2-1/2

[Event "Queens Festival Europe 2022"]
[Site "Tornelo"]
[Date "2022.06.19"]
[Round "6.2"]
[White "Sikorova, Olga"]
[Black "Machlik, Monika"]
[Result "1-0"]
[ECO "A29"]
[WhiteElo "2173"]
[BlackElo "2134"]
[Annotator "NA RC"]
[PlyCount "99"]
[EventDate "2022.06.19"]
[EventType "swiss"]
[EventCountry "NET"]
[SourceTitle "playchess.com"]
[Source "ChessBase"]
[SourceQuality "1"]
[TimeControl "180+2"]

1. c4 e5 2. g3 Nf6 3. Bg2 d5 4. cxd5 Nxd5 5. Nc3 Nb6 6. Nf3 Nc6 7. O-O Be7 8. b3 O-O 9. Bb2 f6 10. d3 Be6 11. Rc1 Nd5 12. e4 Ndb4 13. Ne1 Nd4 14. h3 Qd7 15. Kh2 Rad8 16. f4 Ndc6 17. f5 Bf7 18. Rf3 Nd4 19. Rf2 Bc5 20. Rd2 Be7 21. Rf2 Rfe8 22. Bf1 Ndc6 23. Rg2 Bc5 24. Qf3 Nd4 25. Qd1 Be7 26. g4 Na6 27. h4 Rf8 28. g5 Qe8 29. Qd2 Bh5 30. Qf2 Nb4 31. Qg3 a6 32. a3 Nbc6 33. Nd5 Rxd5 34. exd5 Na5 35. Rxc7 Rf7 36. g6 hxg6 37. fxg6 Rf8 38. b4 Nab3 39. Rxb7 Bd6 40. Kh1 Qc8 41. Rb6 Qc7 42. Rxa6 Rc8 43. Bxd4 Nxd4 44. a4 Rd8 45. Qh3 Qb7 46. b5 Qxd5 47. b6 Qc6 48. a5 Qb5 49. Ra7 Nc6 50. Qe6+ 1-0

[Event "Queens Festival Europe 2022"]
[Site "Tornelo"]
[Date "2022.06.19"]
[Round "6.2"]
[White "Shuqja, Klean"]
[Black "Deak-Sala, Emilia"]
[Result "1/2-1/2"]
[ECO "B31"]
[WhiteElo "1839"]
[BlackElo "1883"]
[Annotator "NA RC"]
[PlyCount "166"]
[EventDate "2022.06.19"]
[EventType "swiss"]
[EventCountry "NET"]
[SourceTitle "playchess.com"]
[Source "ChessBase"]
[SourceQuality "1"]
[TimeControl "180+2"]

1. e4 c5 2. Nf3 Nc6 3. Bb5 g6 4. O-O Bg7 5. Re1 Nf6 6. e5 Nd5 7. c4 Nc7 8. Bxc6 dxc6 9. Nc3 O-O 10. Ne4 b6 11. h3 Ne6 12. b4 Nd4 13. Bb2 Nxf3+ 14. Qxf3 cxb4 15. d4 Ba6 16. Qb3 c5 17. dxc5 bxc5 18. Nxc5 Qa5 19. Nxa6 Qxa6 20. Qxb4 Rab8 21. Qc3 Qc6 22. Ba3 Rfe8 23. Bb4 f6 24. c5 fxe5 25. Qc4+ Kh8 26. Bc3 Rbc8 27. Bxe5 Qxc5 28. Qxc5 Rxc5 29. Bxg7+ Kxg7 30. Re6 Rc7 31. Rae1 Kf7 32. g3 Rd8 33. a4 Rd4 34. R6e4 Rdc4 35. Rxc4 Rxc4 36. a5 Ra4 37. Re5 Kf6 38. Rb5 e6 39. Kg2 a6 40. Rb7 Rxa5 41. Rxh7 Rb5 42. Ra7 a5 43. h4 Rd5 44. Kh3 Rb5 45. Kg4 Rb4+ 46. f4 a4 47. Ra6 Re4 48. h5 gxh5+ 49. Kxh5 Kf5 50. Kh4 e5 51. Ra5 Rb4 52. Kh5 Re4 53. fxe5 Rxe5 54. Rxa4 Kf6+ 55. Kh4 Kf5 56. Rf4+ Kg6 57. Kg4 Rg5+ 58. Kf3 Rf5 59. Kg4 Rg5+ 60. Kf3 Rf5 61. Ke4 Rg5 62. g4 Ra5 63. Kf3 Ra3+ 64. Kg2 Ra2+ 65. Kg3 Ra3+ 66. Kh4 Ra5 67. Rb4 Ra6 68. Kg3 Ra3+ 69. Kf4 Ra6 70. Re4 Rf6+ 71. Kg3 Ra6 72. Kh4 Rb6 73. Re5 Rc6 74. Rg5+ Kh6 75. Re5 Kg6 76. g5 Rc4+ 77. Kg3 Rc3+ 78. Kf4 Rc4+ 79. Kf3 Rc3+ 80. Ke4 Rc4+ 81. Kd3 Rg4 82. Ke3 Rxg5 83. Rxg5+ Kxg5 1/2-1/2

[Event "Queens Festival Europe 2022"]
[Site "Tornelo"]
[Date "2022.06.19"]
[Round "6.2"]
[White "Subramanian, Anusha"]
[Black "Khalilova, Khadija"]
[Result "1-0"]
[ECO "B51"]
[WhiteElo "1671"]
[BlackElo "1777"]
[Annotator "NA RC"]
[PlyCount "55"]
[EventDate "2022.06.19"]
[EventType "swiss"]
[EventCountry "NET"]
[SourceTitle "playchess.com"]
[Source "ChessBase"]
[SourceQuality "1"]
[TimeControl "180+2"]

1. e4 c5 2. Nf3 d6 3. Bb5+ Nc6 4. O-O e6 5. d4 cxd4 6. Nxd4 Bd7 7. Nxc6 bxc6 8. Be2 d5 9. exd5 cxd5 10. c4 dxc4 11. Bxc4 Nf6 12. Nc3 Bc5 13. Bg5 O-O 14. Ne4 Be7 15. Nxf6+ Bxf6 16. Bxf6 gxf6 17. Qd6 Rc8 18. Bb3 Bb5 19. Qg3+ Kh8 20. Rfd1 Qc7 21. Qh4 Qe5 22. Rab1 Rg8 23. Re1 Qf5 24. Rbc1 Rxc1 25. Rxc1 Ba6 26. Bc2 Bd3 27. Bxd3 Qxd3 28. Qxf6+ 1-0

[Event "Queens Festival Europe 2022"]
[Site "Tornelo"]
[Date "2022.06.19"]
[Round "6.2"]
[White "Vujovic, Vera"]
[Black "Rahimli, Ulkar"]
[Result "1-0"]
[ECO "B88"]
[WhiteElo "1353"]
[BlackElo "1268"]
[Annotator "NA RC"]
[PlyCount "113"]
[EventDate "2022.06.19"]
[EventType "swiss"]
[EventCountry "NET"]
[SourceTitle "playchess.com"]
[Source "ChessBase"]
[SourceQuality "1"]
[TimeControl "180+2"]

1. e4 c5 2. Nf3 d6 3. d4 cxd4 4. Nxd4 Nf6 5. Nc3 a6 6. Be3 e6 7. f3 Be7 8. Bc4 O-O 9. Qd2 Qc7 10. Bb3 Nc6 11. O-O-O Bd7 12. h4 b5 13. h5 Ne5 14. h6 g6 15. g4 Nc4 16. Bxc4 Qxc4 17. g5 Ne8 18. Qd3 Rc8 19. f4 Qxd3 20. Rxd3 Rc4 21. b3 Rc7 22. Kb2 e5 23. fxe5 dxe5 24. Nf3 Bd6 25. Rhd1 Be6 26. Rxd6 Nxd6 27. Rxd6 Rfc8 28. Bd2 b4 29. Nd5 Bxd5 30. Rxd5 Rxc2+ 31. Kb1 Kf8 32. Nxe5 a5 33. Nc4 R2xc4 34. bxc4 Rxc4 35. Rxa5 Rxe4 36. Rb5 Rg4 37. Rxb4 Rg2 38. Kc2 Ke8 39. a4 Kd7 40. a5 Kc6 41. a6 Rg1 42. a7 Ra1 43. Be3 Kc7 44. Rb8 f6 45. gxf6 g5 46. a8=Q Rxa8 47. Rxa8 g4 48. Rg8 g3 49. f7 Kd7 50. f8=Q g2 51. Qf7+ Kd6 52. Rxg2 Ke5 53. Qxh7 Kf6 54. Rg6+ Kf5 55. Ra6+ Kg4 56. Qe4+ Kh5 57. Ra5# 1-0

[Event "Queens Festival Europe 2022"]
[Site "Tornelo"]
[Date "2022.06.19"]
[Round "6.3"]
[White "Amrayeva, Aytan"]
[Black "Okuyaz, Duru"]
[Result "0-1"]
[ECO "D00"]
[WhiteElo "2143"]
[BlackElo "2090"]
[Annotator "NA RC"]
[PlyCount "68"]
[EventDate "2022.06.19"]
[EventType "swiss"]
[EventCountry "NET"]
[SourceTitle "playchess.com"]
[Source "ChessBase"]
[SourceQuality "1"]
[TimeControl "180+2"]

1. d4 d5 2. e3 Nf6 3. Bd3 c5 4. c3 Nc6 5. f4 Bg4 6. Nf3 e6 7. Nbd2 Be7 8. O-O O-O 9. Qe1 Bf5 10. Bb1 Ne4 11. Ne5 f6 12. Bxe4 dxe4 13. Nxc6 bxc6 14. Qe2 cxd4 15. exd4 c5 16. Nxe4 cxd4 17. Rd1 e5 18. Ng3 d3 19. Qe3 exf4 20. Qxf4 Bc5+ 21. Be3 Bxe3+ 22. Qxe3 Re8 23. Qc5 Bg6 24. Rd2 Re5 25. Qc4+ Kh8 26. Rad1 Qb6+ 27. Kh1 Rae8 28. Nf1 h6 29. b4 Re1 30. h3 Rxd1 31. Rxd1 Qf2 32. Nd2 Re1+ 33. Rxe1 Qxe1+ 34. Kh2 Qxd2 0-1

[Event "Queens Festival Europe 2022"]
[Site "Tornelo"]
[Date "2022.06.19"]
[Round "6.3"]
[White "Gjergji, Rozana"]
[Black "Grigoryan, Meri"]
[Result "1-0"]
[ECO "C63"]
[WhiteElo "1920"]
[BlackElo "1993"]
[Annotator "NA RC"]
[PlyCount "57"]
[EventDate "2022.06.19"]
[EventType "swiss"]
[EventCountry "NET"]
[SourceTitle "playchess.com"]
[Source "ChessBase"]
[SourceQuality "1"]
[TimeControl "180+2"]

1. e4 e5 2. Nf3 Nc6 3. Bb5 f5 4. Bxc6 dxc6 5. exf5 Bxf5 6. Nxe5 Qe7 7. O-O O-O-O 8. f4 Nf6 9. Nc3 Qc5+ 10. Kh1 Bg6 11. d3 Bd6 12. Qe2 Bxe5 13. fxe5 Rhe8 14. Bf4 Bh5 15. Qe1 Ng4 16. Qh4 g6 17. h3 Ne3 18. Bxe3 Qxe3 19. Rae1 Qd2 20. g4 Qxc2 21. gxh5 Rxd3 22. Qg4+ Kb8 23. e6 Rd2 24. Qg3 Qxb2 25. e7 Kc8 26. Rf8 Kd7 27. Qg4+ Kd6 28. Ne4+ Kd5 29. Nxd2 1-0

[Event "Queens Festival Europe 2022"]
[Site "Tornelo"]
[Date "2022.06.19"]
[Round "6.3"]
[White "Bayona, Karin Silvana"]
[Black "Rybackova, Lucie"]
[Result "0-1"]
[ECO "B43"]
[WhiteElo "1793"]
[BlackElo "1696"]
[Annotator "NA RC"]
[PlyCount "94"]
[EventDate "2022.06.19"]
[EventType "swiss"]
[EventCountry "NET"]
[SourceTitle "playchess.com"]
[Source "ChessBase"]
[SourceQuality "1"]
[TimeControl "180+2"]

1. e4 c5 2. Nf3 e6 3. d4 cxd4 4. Nxd4 a6 5. Nc3 Qc7 6. Be3 Bb4 7. Bd2 Nf6 8. Bd3 d5 9. O-O Bxc3 10. Bxc3 dxe4 11. Be2 O-O 12. Qd2 b5 13. a3 Bb7 14. Qg5 Nd5 15. Nxb5 f6 16. Nxc7 fxg5 17. Nxa8 Nxc3 18. bxc3 Bxa8 19. Bc4 Bd5 20. Bxd5 exd5 21. Rfd1 Rd8 22. Rab1 Kf7 23. Rb7+ Kf6 24. Rb6+ Ke5 25. Rdb1 Nd7 26. Rxa6 Rc8 27. Ra7 Nf6 28. Rxg7 Rxc3 29. Rxg5+ Kf4 30. Rg7 Rxa3 31. g3+ Ke5 32. Rgb7 Rc3 33. R1b2 d4 34. R7b5+ Nd5 35. Ra2 d3 36. cxd3 Rxd3 37. Re2 Kd4 38. Rb8 Nc3 39. Rc2 Rd1+ 40. Kg2 Kd3 41. Rd8+ Kxc2 42. Rh8 Rd7 43. Re8 Kd3 44. h4 Nd1 45. h5 Nc3 46. g4 Nd5 47. g5 Nf4+ 0-1